Checkers vs Ice Caps

Created - Thursday, November 05, 2015 at 02:13

Goals
1 2 3 OT1 SO T
Checkers 0 1 0 0 0 1
Ice Caps 0 0 1 0 1 2
Shots
1 2 3 OT1 SO T
Checkers 11 11 10 0 9 32
Ice Caps 6 8 8 3 9 25

1st period

No Goal

Penalties :
Michael Sdao (CHA) for Tripping (Minor) at 4:49, Alex Biega (STJ) for Tripping (Minor) at 5:35, B.J. Crombeen (STJ) for Fighting (Major) at 11:06, Benjamin Dieude-Fauvel (CHA) for Fighting (Major) at 11:06, Jason Chimera (CHA) for Hooking (Minor) at 15:27

2nd period

1. Checkers , Brandon Mashinter 3 (Jim O'Brien) at 15:17 (PP)

Penalties :
Shawn Thornton (STJ) for Fighting (Major) at 0:28, Darian Dziurzynski (CHA) for Fighting (Major) at 0:28, Derek Grant (STJ) for Hooking (Minor) at 13:20, Jim O'Brien (CHA) for Hooking (Minor) at 19:50

3rd period

2. Ice Caps , Patrick Dwyer 2 (Shawn Thornton, Trevor Smith) at 0:28 (PP)

Penalties :
B.J. Crombeen (STJ) for Fighting (Major) at 2:59, Benjamin Dieude-Fauvel (CHA) for Fighting (Major) at 2:59, Shawn Thornton (STJ) for Fighting (Major) at 3:08, Julien Brouillette (CHA) for Fighting (Major) at 3:08, Alex Biega (STJ) for Diving (Minor) at 10:25, B.J. Crombeen (STJ) for Holding Stick (Minor) at 17:49

Overtime #1

No Goal

Penalties :
No Penalty

Shootout

Penalty Shot by Jason Chimera for Checkers - Stopped by Jeff Zatkoff
Penalty Shot by Patrick Dwyer for Ice Caps - Stopped by Drew MacIntyre
Penalty Shot by Michael Bournival for Checkers - Stopped by Jeff Zatkoff
Penalty Shot by Trevor Smith for Ice Caps - Shot Misses the Net
Penalty Shot by Adam Cracknell for Checkers - Stopped by Jeff Zatkoff
Penalty Shot by Shawn Thornton for Ice Caps - Stopped by Drew MacIntyre
Penalty Shot by Andrew Gordon for Checkers - Stopped by Jeff Zatkoff
Penalty Shot by B.J. Crombeen for Ice Caps - Stopped by Drew MacIntyre
Penalty Shot by Jim O'Brien for Checkers - Shot Misses the Net
Penalty Shot by Chris Conner for Ice Caps - Stopped by Drew MacIntyre
Penalty Shot by Sean Backman for Checkers - Shot Misses the Net
Penalty Shot by Derek Grant for Ice Caps - Stopped by Drew MacIntyre
Penalty Shot by Brandon Mashinter for Checkers - Stopped by Jeff Zatkoff
Penalty Shot by Tim Kennedy for Ice Caps - Shot Misses the Net
Penalty Shot by Darian Dziurzynski for Checkers - Stopped by Jeff Zatkoff
Penalty Shot by Kyle MacKinnon for Ice Caps - Stopped by Drew MacIntyre
Penalty Shot by Willie Coetzee for Checkers - Stopped by Jeff Zatkoff
Penalty Shot by Drew LeBlanc for Ice Caps - Goal!

Penalties :
No Penalty

Goalie Stats

Drew MacIntyre (CHA), 24 saves from 25 shots - (0.960), OTL, 9-1-3, 65:00 minutes
Jeff Zatkoff (STJ), 31 saves from 32 shots - (0.969), W, 3-1-1, 65:00 minutes

Players Stats for Checkers

Player Name              G  A  P  +/- PIM S  H  SB GA TA FO     MP     PP MP  PK MP  
------------------------------------------------------------------------------------
Aaron Ness               0  0  0   0  0   0  4  0  1  1  0/0    22:57   3:26   0:00 
Adam Cracknell           0  0  0   0  0   0  2  2  0  0  0/0    18:29   3:32   0:00 
Andrew Gordon            0  0  0   0  0   3  2  1  0  0  0/0    15:58   3:08   0:00 
Benjamin Dieude-Fauvel   0  0  0   0  10  0  0  1  0  0  0/0    13:33   0:00   0:51 
Brandon Mashinter        1  0  1   0  0   1  5  0  0  3  0/0    19:15   3:08   1:31 
Darian Dziurzynski       0  0  0   0  5   0  0  0  1  0  0/0     9:05   0:00   0:00 
Jason Chimera            0  0  0   0  2   4  2  1  6  2  1/1    19:34   3:27   0:00 
Jim O'Brien              0  1  1   0  2   3  3  1  4  0  7/13   18:52   3:08   1:31 
Julien Brouillette       0  0  0   0  5   1  1  0  0  0  0/0    21:02   3:26   0:00 
Michael Bournival        0  0  0   0  0   0  3  0  3  0  1/16   18:51   3:23   0:00 
Michael Latta            0  0  0   0  0   2  2  0  4  1  3/6    15:24   0:09   0:00 
Michael Sdao             0  0  0   0  2   0  2  0  0  3  0/0    18:45   0:05   2:08 
Peter Harrold            0  0  0   0  0   9  1  1  2  3  0/0    27:43   3:14   1:48 
Petteri Lindbohm         0  0  0   0  0   2  1  2  1  2  0/0    26:37   3:14   2:37 
Sean Backman             0  0  0   0  0   1  0  0  0  1  0/0    13:01   0:00   0:00 
Tomas Vincour            0  0  0   0  0   2  0  0  1  1  0/0    12:34   0:00   0:00 
Wacey Hamilton           0  0  0   0  0   0  2  0  0  1  3/10   12:05   0:00   1:52 
Willie Coetzee           0  0  0   0  0   4  1  0  2  0  0/1    12:05   0:00   1:52 

Players Stats for Ice Caps

Player Name              G  A  P  +/- PIM S  H  SB GA TA FO     MP     PP MP  PK MP  
------------------------------------------------------------------------------------
Alex Biega               0  0  0   0  4   2  1  0  0  2  0/0    27:52   2:20   1:57 
Andrew Bodnarchuk        0  0  0   0  0   0  0  1  0  0  0/0    27:35   1:02   4:05 
Andrew Rowe              0  0  0   0  0   1  3  1  0  1  1/1    10:19   0:00   0:00 
B.J. Crombeen            0  0  0   0  12  3  0  1  2  1  0/0    14:39   0:53   1:11 
Barry Goers              0  0  0   0  0   0  1  0  0  0  0/0    20:48   0:00   1:58 
Bobby Sanguinetti        0  0  0   0  0   0  1  1  0  0  0/0     3:45   0:46   0:36 
Brandon Yip              0  0  0   0  0   1  2  0  0  0  1/1    13:40   0:53   0:00 
Chris Conner             0  0  0   0  0   0  1  0  4  0  0/0    17:20   0:00   0:28 
Derek Grant              0  0  0   0  2   2  4  0  2  0  8/11   16:07   0:53   0:37 
Drew LeBlanc             0  0  0   0  0   0  0  0  0  1  0/0    11:00   0:00   0:00 
Kyle MacKinnon           0  0  0   0  0   2  1  0  1  0  1/2    11:29   0:00   0:32 
Nathan Oystrick          0  0  0   0  0   1  1  1  0  1  0/0    24:32   1:35   0:14 
Nick D'Agostino          0  0  0   0  0   0  0  3  0  0  0/0    25:19   1:02   3:58 
Patrick Dwyer            1  0  1   0  0   6  1  2  4  1  7/11   23:17   2:30   4:42 
Paul Carey               0  0  0   0  0   3  0  1  3  1  0/1    12:04   0:00   0:00 
Shawn Thornton           0  1  1   0  10  2  2  0  2  0  0/1    14:17   2:30   0:30 
Tim Kennedy              0  0  0   0  0   1  1  0  5  0  2/2    14:34   0:00   1:10 
Trevor Smith             0  1  1   0  0   1  0  2  7  4  12/17  23:17   2:30   4:42 

3 Stars

1 - Jeff Zatkoff (STJ)
2 - Drew MacIntyre (CHA)
3 - Brandon Mashinter (CHA)

Power Play

Checkers - 1 on 4 Attempt(s) - 25.00%
Ice Caps - 1 on 3 Attempt(s) - 33.33%

Penalty Kill

Checkers - 2 on 3 Attempt(s) - 66.67% - Score 0 goal in Penalty Kill
Ice Caps - 3 on 4 Attempt(s) - 75.00% - Score 0 goal in Penalty Kill

Team Stat

Checkers - Hits : 31 - Faceoff Wins : 15 - Blocked Shots : 9 - Penalty Minutes : 26
Ice Caps - Hits : 19 - Faceoff Wins : 32 - Blocked Shots : 13 - Penalty Minutes : 28

Official

Referees : Unknown
Linesman : Unknown

Game Notes

Bobby Sanguinetti is injured at 7:25 of 1st period (Torso)
B.J. Crombeen and Benjamin Dieude-Fauvel fight to a draw at 11:06 of 1st period
Darian Dziurzynski beats up Shawn Thornton at 0:28 of 2nd period
Benjamin Dieude-Fauvel beats up B.J. Crombeen at 2:59 of 3rd period
Shawn Thornton and Julien Brouillette fight to a draw at 3:08 of 3rd period

Finance

Level 1 -- Attendance: 1535 (76.75%) -- Ticket Income $46,050
Level 2 -- Attendance: 770 (77.00%) -- Ticket Income $11,550
Total Attendance: 2305 (76.83%)
Total Ticket Income: $57,600
Other Income: $28,224
Total Income: $85,824

Checkers

5 vs 5 Forward 
   Center                   Left Wing                Right Wing               Time % Phy DF OF 
 1 Michael Bournival        Jason Chimera            Adam Cracknell           28     1   2  2  
 2 Michael Latta            Tomas Vincour            Andrew Gordon            27     1   2  2  
 3 Jim O'Brien              Brandon Mashinter        Sean Backman             25     1   2  2  
 4 Wacey Hamilton           Darian Dziurzynski       Willie Coetzee           20     1   2  2  

5 vs 5 Defense 
   Defense                  Defense                                           Time % Phy DF OF 
 1 Peter Harrold            Petteri Lindbohm                                  35     1   2  2  
 2 Aaron Ness               Julien Brouillette                                35     1   2  2  
 3 Michael Sdao             Benjamin Dieude-Fauvel                            30     1   2  2  
 4 Petteri Lindbohm         Peter Harrold                                     0      1   2  2  

PowerPlay Forward 
   Center                   Left Wing                Right Wing               Time % Phy DF OF 
 1 Michael Bournival        Jason Chimera            Adam Cracknell           50     0   1  4  
 2 Jim O'Brien              Brandon Mashinter        Andrew Gordon            50     0   1  4  

PowerPlay Defense
   Defense                  Defense                                           Time % Phy DF OF 
 1 Peter Harrold            Petteri Lindbohm                                  50     0   1  4  
 2 Aaron Ness               Julien Brouillette                                50     0   1  4  

Penalty Kill 4 Players Forward 
   Center                   Wing                     Time % Phy DF OF 
 1 Wacey Hamilton           Willie Coetzee           50     0   4  1  
 2 Jim O'Brien              Brandon Mashinter        50     0   4  1  

Penalty Kill 4 Players Defense
   Defense                  Defense                  Time % Phy DF OF 
 1 Benjamin Dieude-Fauvel   Michael Sdao             50     0   4  1  
 2 Peter Harrold            Petteri Lindbohm         50     0   4  1  

Penalty Kill - 3 Players Forward 
   Forward                                           Time % Phy DF OF 
 1 Wacey Hamilton                                    50     0   5  0  
 2 Jim O'Brien                                       50     0   5  0  

Penalty Kill - 3 Players Defense
   Defense                  Defense                  Time % Phy DF OF 
 1 Benjamin Dieude-Fauvel   Michael Sdao             50     0   5  0  
 2 Peter Harrold            Petteri Lindbohm         50     0   5  0  

4 vs 4 Forward 
   Center                   Wing                     Time % Phy DF OF 
 1 Jason Chimera            Michael Bournival        50     1   2  2  
 2 Michael Latta            Adam Cracknell           50     1   2  2  

4 vs 4 Defense
   Defense                  Defense                  Time % Phy DF OF 
 1 Peter Harrold            Petteri Lindbohm         50     1   2  2  
 2 Aaron Ness               Julien Brouillette       50     1   2  2  

Last Minutes Offensive
   Center                   Left Wing                Right Wing               Defense                  Defense                  
   Michael Latta            Jason Chimera            Michael Bournival        Peter Harrold            Petteri Lindbohm         

Last Minutes Defensive
   Center                   Left Wing                Right Wing               Defense                  Defense                  
   Michael Bournival        Jason Chimera            Adam Cracknell           Peter Harrold            Petteri Lindbohm         

Goaltenders
Starting : Drew MacIntyre           
Backup : John Muse                

Extra Forwards
Normal : Michael Bournival, Jason Chimera, Michael Latta - PP : Michael Bournival, Jason Chimera - PK : Jason Chimera
Extra Defensemen
Normal : Peter Harrold, Petteri Lindbohm, Aaron Ness - PP : Peter Harrold - PK : Peter Harrold, Petteri Lindbohm
Penalty Shots
Jason Chimera, Michael Bournival, Adam Cracknell, Andrew Gordon, Jim O'Brien

Ice Caps

5 vs 5 Forward 
   Center                   Left Wing                Right Wing               Time % Phy DF OF 
 1 Trevor Smith             Patrick Dwyer            Shawn Thornton           35     1   2  2  
 2 Derek Grant              B.J. Crombeen            Brandon Yip              30     1   2  2  
 3 Tim Kennedy              Chris Conner             Drew LeBlanc             22     1   2  2  
 4 Kyle MacKinnon           Paul Carey               Andrew Rowe              13     1   2  2  

5 vs 5 Defense 
   Defense                  Defense                                           Time % Phy DF OF 
 1 Alex Biega               Bobby Sanguinetti                                 35     1   2  2  
 2 Andrew Bodnarchuk        Nick D'Agostino                                   30     1   2  2  
 3 Nathan Oystrick          Barry Goers                                       22     1   2  2  
 4 Alex Biega               Bobby Sanguinetti                                 13     1   2  2  

PowerPlay Forward 
   Center                   Left Wing                Right Wing               Time % Phy DF OF 
 1 Trevor Smith             Patrick Dwyer            Shawn Thornton           60     1   2  2  
 2 Derek Grant              B.J. Crombeen            Brandon Yip              40     1   2  2  

PowerPlay Defense
   Defense                  Defense                                           Time % Phy DF OF 
 1 Alex Biega               Bobby Sanguinetti                                 60     1   2  2  
 2 Andrew Bodnarchuk        Nick D'Agostino                                   40     1   2  2  

Penalty Kill 4 Players Forward 
   Center                   Wing                     Time % Phy DF OF 
 1 Patrick Dwyer            Trevor Smith             60     1   2  2  
 2 Shawn Thornton           B.J. Crombeen            40     1   2  2  

Penalty Kill 4 Players Defense
   Defense                  Defense                  Time % Phy DF OF 
 1 Alex Biega               Bobby Sanguinetti        60     1   2  2  
 2 Andrew Bodnarchuk        Nick D'Agostino          40     1   2  2  

Penalty Kill - 3 Players Forward 
   Forward                                           Time % Phy DF OF 
 1 Patrick Dwyer                                     60     1   2  2  
 2 Trevor Smith                                      40     1   2  2  

Penalty Kill - 3 Players Defense
   Defense                  Defense                  Time % Phy DF OF 
 1 Alex Biega               Bobby Sanguinetti        60     1   2  2  
 2 Andrew Bodnarchuk        Nick D'Agostino          40     1   2  2  

4 vs 4 Forward 
   Center                   Wing                     Time % Phy DF OF 
 1 Patrick Dwyer            Trevor Smith             60     1   2  2  
 2 Shawn Thornton           B.J. Crombeen            40     1   2  2  

4 vs 4 Defense
   Defense                  Defense                  Time % Phy DF OF 
 1 Alex Biega               Bobby Sanguinetti        60     1   2  2  
 2 Andrew Bodnarchuk        Nick D'Agostino          40     1   2  2  

Last Minutes Offensive
   Center                   Left Wing                Right Wing               Defense                  Defense                  
   Trevor Smith             Patrick Dwyer            Shawn Thornton           Alex Biega               Bobby Sanguinetti        

Last Minutes Defensive
   Center                   Left Wing                Right Wing               Defense                  Defense                  
   Trevor Smith             Patrick Dwyer            Shawn Thornton           Alex Biega               Bobby Sanguinetti        

Goaltenders
Starting : Jeff Zatkoff             
Backup : Scott Greenham           

Extra Forwards
Normal : Chris Conner, Paul Carey, Tim Kennedy - PP : Chris Conner, Paul Carey - PK : Tim Kennedy
Extra Defensemen
Normal : Nathan Oystrick, Barry Goers, Andrew Bodnarchuk - PP : Nathan Oystrick - PK : Barry Goers, Andrew Bodnarchuk
Penalty Shots
Patrick Dwyer, Trevor Smith, Shawn Thornton, B.J. Crombeen, Chris Conner

% Time on Ice - Checkers

Lines # - Real PCT - Wanted PCT - Time Play
Normal Forward
1 - 25% - 28% - 12:23
2 - 27% - 27% - 13:06
3 - 27% - 25% - 13:01
4 - 21% - 20% - 10:13
Normal Defense
1 - 32% - 35% - 15:39
2 - 33% - 35% - 16:16
3 - 32% - 30% - 15:47
4 - 2% - 0% - 1:01
PP Forward
1 - 52% - 50% - 3:27
2 - 48% - 50% - 3:14
PP Defense
1 - 49% - 50% - 3:15
2 - 51% - 50% - 3:26
PK Forward
1 - 55% - 50% - 1:52
2 - 45% - 50% - 1:31
PK Defense
1 - 65% - 50% - 2:12
2 - 35% - 50% - 1:11
PK3 Forward
1 - 0% - 50%
2 - 0% - 50%
PK3 Defense
1 - 0% - 50%
2 - 0% - 50%
44 Forward
1 - 49% - 50% - 3:02
2 - 51% - 50% - 3:11
44 Defense
1 - 48% - 50% - 2:58
2 - 52% - 50% - 3:15
Last Minute Offensive  - 0:00
Last Minute Defensive  - 0:00
Total
Forward - 65:00
Defense - 65:00

% Time on Ice - Ice Caps

Lines # - Real PCT - Wanted PCT - Time Play
Normal Forward
1 - 27% - 35% - 13:11
2 - 29% - 30% - 14:13
3 - 23% - 22% - 11:00
4 - 21% - 13% - 10:19
Normal Defense
1 - 41% - 35% - 19:50
2 - 28% - 30% - 13:47
3 - 20% - 22% - 9:47
4 - 11% - 13% - 5:19
PP Forward
1 - 74% - 60% - 2:30
2 - 26% - 40% - 0:53
PP Defense
1 - 74% - 60% - 2:30
2 - 26% - 40% - 0:53
PK Forward
1 - 93% - 60% - 6:11
2 - 7% - 40% - 0:30
PK Defense
1 - 70% - 60% - 4:42
2 - 30% - 40% - 1:59
PK3 Forward
1 - 0% - 60%
2 - 0% - 40%
PK3 Defense
1 - 0% - 60%
2 - 0% - 40%
44 Forward
1 - 80% - 60% - 4:58
2 - 20% - 40% - 1:15
44 Defense
1 - 51% - 60% - 3:12
2 - 49% - 40% - 3:01
Last Minute Offensive  - 0:00
Last Minute Defensive  - 0:00
Total
Forward - 65:00
Defense - 65:00

Play by Play

1st period


0:01 of 1st period - Trevor Smith wins face-off versus Michael Bournival in neutral zone.
0:36 of 1st period - Wrist shot by Trevor Smith.
0:36 of 1st period - Shot Blocked by Adam Cracknell.
0:53 of 1st period - Petteri Lindbohm is hit by Brandon Yip and loses puck.
1:14 of 1st period - Snap shot by Michael Latta.
1:14 of 1st period - Shot Blocked by B.J. Crombeen.
1:16 of 1st period - Wrist shot by Andrew Gordon.
1:16 of 1st period - Stopped by Jeff Zatkoff with a rebound.
1:18 of 1st period - Backhand shot by Andrew Gordon.
1:18 of 1st period - Shot Misses the Net.
1:20 of 1st period - Snap shot by Julien Brouillette.
1:20 of 1st period - Stopped by Jeff Zatkoff with a rebound.
1:22 of 1st period - Wrist shot by Michael Latta.
1:22 of 1st period - Shot Misses the Net.
1:24 of 1st period - Wrist shot by Michael Latta.
1:24 of 1st period - Stopped by Jeff Zatkoff with a rebound.
1:26 of 1st period - Wrist shot by Aaron Ness.
1:26 of 1st period - Shot Misses the Net.
1:28 of 1st period - Snap shot by Tomas Vincour.
1:28 of 1st period - Shot Misses the Net.
2:12 of 1st period - Chris Conner is hit by Jim O'Brien and loses puck.
2:50 of 1st period - Petteri Lindbohm is hit by Kyle MacKinnon and loses puck.
3:41 of 1st period - Trevor Smith is hit by Andrew Gordon and loses puck.
3:58 of 1st period - Wrist shot by Michael Bournival.
3:58 of 1st period - Deflect By Jason Chimera.
3:58 of 1st period - Shot Blocked by Andrew Bodnarchuk.
3:58 of 1st period - Puck is out of play.
3:59 of 1st period - Tim Kennedy wins face-off versus Michael Bournival in Ice Caps zone.
4:40 of 1st period - Brandon Yip is hit by Michael Sdao.
4:49 of 1st period - Minor Penalty to Michael Sdao for Tripping.
4:50 of 1st period - Wacey Hamilton wins face-off versus Trevor Smith in Checkers zone.
4:50 of 1st period - Wacey Hamilton is hit by Bobby Sanguinetti.
5:01 of 1st period - Slapshot by Petteri Lindbohm.
5:01 of 1st period - Stopped by Jeff Zatkoff without a rebound.
5:02 of 1st period - Trevor Smith wins face-off versus Jim O'Brien in Ice Caps zone.
5:24 of 1st period - Slapshot by Peter Harrold.
5:24 of 1st period - Shot Misses the Net.
5:26 of 1st period - Slapshot by Peter Harrold.
5:26 of 1st period - Shot Blocked by Trevor Smith.
5:35 of 1st period - Minor Penalty to Alex Biega for Tripping.
5:36 of 1st period - Jason Chimera wins face-off versus Patrick Dwyer in Ice Caps zone.
6:49 of 1st period - Penalty to Michael Sdao is over, Michael Sdao is back on ice.
6:53 of 1st period - Off-side.
6:54 of 1st period - Patrick Dwyer wins face-off versus Jim O'Brien in neutral zone.
7:07 of 1st period - Slapshot by Peter Harrold.
7:07 of 1st period - Shot Misses the Net.
7:09 of 1st period - Slapshot by Peter Harrold.
7:09 of 1st period - Stopped by Jeff Zatkoff with a rebound.
7:11 of 1st period - Snap shot by Peter Harrold.
7:11 of 1st period - Deflect By Jim O'Brien.
7:11 of 1st period - Shot Misses the Net.
7:11 of 1st period - Puck is out of play.
7:12 of 1st period - Jim O'Brien wins face-off versus Patrick Dwyer in Ice Caps zone.
7:13 of 1st period - Slapshot by Petteri Lindbohm.
7:13 of 1st period - Shot Misses the Net.
7:15 of 1st period - Slapshot by Peter Harrold.
7:15 of 1st period - Shot Blocked by Trevor Smith.
7:17 of 1st period - Wrist shot by Jim O'Brien.
7:17 of 1st period - Shot Misses the Net.
7:19 of 1st period - Snap shot by Andrew Gordon.
7:19 of 1st period - Shot Blocked by Patrick Dwyer.
7:21 of 1st period - Snap shot by Peter Harrold.
7:21 of 1st period - Stopped by Jeff Zatkoff with a rebound.
7:23 of 1st period - Slapshot by Petteri Lindbohm.
7:23 of 1st period - Shot Misses the Net.
7:25 of 1st period - Slapshot by Petteri Lindbohm.
7:25 of 1st period - Shot Blocked by Bobby Sanguinetti.
7:25 of 1st period - Bobby Sanguinetti from Ice Caps is injured at 7:25 of 1st period (Torso).
7:26 of 1st period - Patrick Dwyer wins face-off versus Michael Bournival in Ice Caps zone.
7:26 of 1st period - Patrick Dwyer is hit by Jason Chimera.
7:35 of 1st period - Penalty to Alex Biega is over, Alex Biega is back on ice.
8:02 of 1st period - Wrist shot by Patrick Dwyer.
8:02 of 1st period - Stopped by Drew MacIntyre without a rebound.
8:03 of 1st period - Derek Grant wins face-off versus Wacey Hamilton in Checkers zone.
9:05 of 1st period - Icing by Peter Harrold.
9:06 of 1st period - Jim O'Brien wins face-off versus Trevor Smith in Checkers zone.
9:21 of 1st period - Trevor Smith is hit by Petteri Lindbohm and loses puck.
10:02 of 1st period - Slapshot by Michael Latta.
10:02 of 1st period - Stopped by Jeff Zatkoff without a rebound.
10:03 of 1st period - Kyle MacKinnon wins face-off versus Michael Latta in Ice Caps zone.
10:03 of 1st period - Kyle MacKinnon is hit by Michael Latta.
10:52 of 1st period - Derek Grant is hit by Jason Chimera and loses puck.
11:06 of 1st period - B.J. Crombeen and Benjamin Dieude-Fauvel fight to a draw.
11:06 of 1st period - Penalty to B.J. Crombeen for Fighting.
11:06 of 1st period - Penalty to Benjamin Dieude-Fauvel for Fighting.
11:07 of 1st period - Trevor Smith wins face-off versus Wacey Hamilton in Checkers zone.
11:08 of 1st period - Slapshot by Shawn Thornton.
11:08 of 1st period - Stopped by Drew MacIntyre with a rebound.
11:10 of 1st period - Wrist shot by Patrick Dwyer.
11:10 of 1st period - Shot Blocked by Petteri Lindbohm.
11:12 of 1st period - Snap shot by Nick D'Agostino.
11:12 of 1st period - Shot Misses the Net.
11:26 of 1st period - Slapshot by Petteri Lindbohm.
11:26 of 1st period - Stopped by Jeff Zatkoff with a rebound.
12:00 of 1st period - Michael Latta is hit by Derek Grant and loses puck.
12:29 of 1st period - Andrew Gordon is hit by Derek Grant.
12:47 of 1st period - Wrist shot by Jim O'Brien.
12:47 of 1st period - Shot Blocked by Andrew Rowe.
12:49 of 1st period - Snap shot by Brandon Mashinter.
12:49 of 1st period - Shot Misses the Net.
12:51 of 1st period - Wrist shot by Jim O'Brien.
12:51 of 1st period - Shot Blocked by Nick D'Agostino.
12:53 of 1st period - Wrist shot by Sean Backman.
12:53 of 1st period - Shot Misses the Net.
12:55 of 1st period - Slapshot by Peter Harrold.
12:55 of 1st period - Stopped by Jeff Zatkoff without a rebound.
12:56 of 1st period - Tim Kennedy wins face-off versus Michael Bournival in Ice Caps zone.
13:07 of 1st period - Wrist shot by Tim Kennedy.
13:07 of 1st period - Shot Misses the Net.
13:09 of 1st period - Backhand shot by Tim Kennedy.
13:09 of 1st period - Shot Misses the Net.
13:39 of 1st period - Snap shot by Patrick Dwyer.
13:39 of 1st period - Stopped by Drew MacIntyre with a rebound.
13:41 of 1st period - Backhand shot by Nathan Oystrick.
13:41 of 1st period - Shot Blocked by Jason Chimera.
13:43 of 1st period - Wrist shot by Patrick Dwyer.
13:43 of 1st period - Deflect By Trevor Smith.
13:43 of 1st period - Shot Blocked by Adam Cracknell.
13:43 of 1st period - Puck is out of play.
13:44 of 1st period - Jim O'Brien wins face-off versus Trevor Smith in Checkers zone.
13:50 of 1st period - Off-side.
13:51 of 1st period - Brandon Yip wins face-off versus Jim O'Brien in neutral zone.
14:02 of 1st period - Wrist shot by Derek Grant.
14:02 of 1st period - Shot Hit the Post.
14:04 of 1st period - Wrist shot by Derek Grant.
14:04 of 1st period - Deflect By Chris Conner.
14:04 of 1st period - Shot Misses the Net.
14:04 of 1st period - Puck is out of play.
14:05 of 1st period - Derek Grant wins face-off versus Michael Latta in Checkers zone.
14:35 of 1st period - Andrew Gordon is hit by Alex Biega and loses puck.
14:56 of 1st period - Brandon Mashinter is hit by Shawn Thornton and loses puck.
15:01 of 1st period - Snap shot by Trevor Smith.
15:01 of 1st period - Shot Misses the Net.
15:03 of 1st period - Snap shot by Patrick Dwyer.
15:03 of 1st period - Stopped by Drew MacIntyre without a rebound.
15:04 of 1st period - Jim O'Brien wins face-off versus Paul Carey in Checkers zone.
15:15 of 1st period - Slapshot by Peter Harrold.
15:15 of 1st period - Stopped by Jeff Zatkoff with a rebound.
15:24 of 1st period - Off-side.
15:25 of 1st period - Michael Bournival wins face-off versus Derek Grant in neutral zone.
15:27 of 1st period - Minor Penalty to Jason Chimera for Hooking.
15:28 of 1st period - Trevor Smith wins face-off versus Wacey Hamilton in Checkers zone.
15:46 of 1st period - Slapshot by Peter Harrold.
15:46 of 1st period - Stopped by Jeff Zatkoff with a rebound.
16:06 of 1st period - Penalty to Benjamin Dieude-Fauvel is over, Benjamin Dieude-Fauvel is back on ice.
16:14 of 1st period - Slapshot by Petteri Lindbohm.
16:14 of 1st period - Shot Misses the Net.
16:27 of 1st period - Patrick Dwyer is hit by Jim O'Brien and loses puck.
17:27 of 1st period - Penalty to Jason Chimera is over, Jason Chimera is back on ice.
17:32 of 1st period - Jason Chimera is hit by Derek Grant and loses puck.
17:55 of 1st period - Snap shot by Tim Kennedy.
17:55 of 1st period - Shot Misses the Net.
17:57 of 1st period - Slapshot by Barry Goers.
17:57 of 1st period - Shot Misses the Net.
17:59 of 1st period - Snap shot by Alex Biega.
17:59 of 1st period - Deflect By Andrew Gordon.
17:59 of 1st period - Stopped by Drew MacIntyre with a rebound.
18:01 of 1st period - Slapshot by Alex Biega.
18:01 of 1st period - Stopped by Drew MacIntyre without a rebound.
18:02 of 1st period - Michael Latta wins face-off versus Kyle MacKinnon in Checkers zone.
19:10 of 1st period - Jason Chimera is hit by Tim Kennedy and loses puck.
19:43 of 1st period - Alex Biega is hit by Brandon Mashinter and loses puck.
Goals for this period are 0 for Checkers vs 0 for Ice Caps.
Shots for this period are 11 for Checkers vs 6 for Ice Caps.

2nd period


0:01 of 2nd period - Trevor Smith wins face-off versus Wacey Hamilton in neutral zone.
0:16 of 2nd period - Slapshot by Trevor Smith.
0:16 of 2nd period - Stopped by Drew MacIntyre without a rebound.
0:17 of 2nd period - Trevor Smith wins face-off versus Wacey Hamilton in Checkers zone.
0:28 of 2nd period - Darian Dziurzynski beats up Shawn Thornton.
0:28 of 2nd period - Penalty to Shawn Thornton for Fighting.
0:28 of 2nd period - Penalty to Darian Dziurzynski for Fighting.
0:29 of 2nd period - Trevor Smith wins face-off versus Michael Bournival in Ice Caps zone.
0:39 of 2nd period - Wrist shot by Jason Chimera.
0:39 of 2nd period - Stopped by Jeff Zatkoff without a rebound.
0:40 of 2nd period - Trevor Smith wins face-off versus Michael Bournival in Ice Caps zone.
0:55 of 2nd period - Slapshot by Peter Harrold.
0:55 of 2nd period - Stopped by Jeff Zatkoff with a rebound.
0:57 of 2nd period - Slapshot by Jason Chimera.
0:57 of 2nd period - Deflect By Michael Bournival.
0:57 of 2nd period - Shot Blocked by Patrick Dwyer.
0:57 of 2nd period - Puck is out of play.
0:58 of 2nd period - Derek Grant wins face-off versus Wacey Hamilton in Ice Caps zone.
1:11 of 2nd period - Wrist shot by Derek Grant.
1:11 of 2nd period - Shot Blocked by Benjamin Dieude-Fauvel.
2:04 of 2nd period - Patrick Dwyer is hit by Brandon Mashinter and loses puck.
2:24 of 2nd period - Patrick Dwyer is hit by Peter Harrold and loses puck.
4:03 of 2nd period - Petteri Lindbohm is hit by Brandon Yip and loses puck.
4:10 of 2nd period - Brandon Mashinter is hit by Nathan Oystrick and loses puck.
5:00 of 2nd period - Snap shot by Paul Carey.
5:00 of 2nd period - Deflect By Kyle MacKinnon.
5:00 of 2nd period - Stopped by Drew MacIntyre with a rebound.
5:08 of 2nd period - Wrist shot by Kyle MacKinnon.
5:08 of 2nd period - Shot Misses the Net.
5:10 of 2nd period - Snap shot by Andrew Rowe.
5:10 of 2nd period - Stopped by Drew MacIntyre with a rebound.
5:12 of 2nd period - Snap shot by Kyle MacKinnon.
5:12 of 2nd period - Deflect By Paul Carey.
5:12 of 2nd period - Stopped by Drew MacIntyre with a rebound.
6:46 of 2nd period - Slapshot by Paul Carey.
6:46 of 2nd period - Stopped by Drew MacIntyre with a rebound.
7:08 of 2nd period - Jason Chimera is hit by Patrick Dwyer and loses puck.
7:20 of 2nd period - Snap shot by Jason Chimera.
7:20 of 2nd period - Shot Blocked by Nick D'Agostino.
7:22 of 2nd period - Slapshot by Peter Harrold.
7:22 of 2nd period - Stopped by Jeff Zatkoff without a rebound.
7:23 of 2nd period - Derek Grant wins face-off versus Michael Bournival in Ice Caps zone.
8:04 of 2nd period - Andrew Rowe is hit by Willie Coetzee and loses puck.
8:41 of 2nd period - Wrist shot by Jim O'Brien.
8:41 of 2nd period - Stopped by Jeff Zatkoff with a rebound.
8:45 of 2nd period - Snap shot by Jim O'Brien.
8:45 of 2nd period - Stopped by Jeff Zatkoff with a rebound.
9:09 of 2nd period - Wrist shot by Brandon Yip.
9:09 of 2nd period - Stopped by Drew MacIntyre without a rebound.
9:10 of 2nd period - Michael Latta wins face-off versus Derek Grant in Checkers zone.
9:25 of 2nd period - Michael Latta is hit by Barry Goers and loses puck.
9:38 of 2nd period - Snap shot by Shawn Thornton.
9:38 of 2nd period - Shot Misses the Net.
10:21 of 2nd period - Snap shot by Jason Chimera.
10:21 of 2nd period - Stopped by Jeff Zatkoff with a rebound.
10:23 of 2nd period - Wrist shot by Benjamin Dieude-Fauvel.
10:23 of 2nd period - Deflect By Jason Chimera.
10:23 of 2nd period - Stopped by Jeff Zatkoff without a rebound.
10:24 of 2nd period - Jim O'Brien wins face-off versus Derek Grant in Ice Caps zone.
10:37 of 2nd period - Snap shot by Jim O'Brien.
10:37 of 2nd period - Shot Misses the Net.
10:41 of 2nd period - Slapshot by Brandon Mashinter.
10:41 of 2nd period - Shot Misses the Net.
10:43 of 2nd period - Snap shot by Sean Backman.
10:43 of 2nd period - Stopped by Jeff Zatkoff with a rebound.
11:46 of 2nd period - Wrist shot by Paul Carey.
11:46 of 2nd period - Stopped by Drew MacIntyre with a rebound.
12:02 of 2nd period - Snap shot by Chris Conner.
12:02 of 2nd period - Shot Misses the Net.
12:50 of 2nd period - Wacey Hamilton is hit by Andrew Rowe and loses puck.
13:13 of 2nd period - Wrist shot by Jason Chimera.
13:13 of 2nd period - Shot Blocked by Nathan Oystrick.
13:20 of 2nd period - Minor Penalty to Derek Grant for Hooking.
13:21 of 2nd period - Patrick Dwyer wins face-off versus Michael Bournival in Ice Caps zone.
13:21 of 2nd period - Patrick Dwyer is hit by Adam Cracknell.
14:28 of 2nd period - Snap shot by Peter Harrold.
14:28 of 2nd period - Stopped by Jeff Zatkoff with a rebound.
14:51 of 2nd period - Slapshot by Petteri Lindbohm.
14:51 of 2nd period - Shot Misses the Net.
15:15 of 2nd period - Wrist shot by Andrew Gordon.
15:15 of 2nd period - Stopped by Jeff Zatkoff without a rebound.
15:16 of 2nd period - Jim O'Brien wins face-off versus Patrick Dwyer in Ice Caps zone.
15:17 of 2nd period - Snap shot by Brandon Mashinter.
15:17 of 2nd period - Goal by Brandon Mashinter - Checkers : 1 - Ice Caps : 0.
15:18 of 2nd period - Andrew Rowe wins face-off versus Michael Latta in neutral zone.
15:41 of 2nd period - Michael Latta is hit by Andrew Rowe and loses puck.
17:38 of 2nd period - Trevor Smith is hit by Wacey Hamilton and loses puck.
17:45 of 2nd period - Snap shot by Trevor Smith.
17:45 of 2nd period - Deflect By Patrick Dwyer.
17:45 of 2nd period - Shot Misses the Net.
17:45 of 2nd period - Puck is out of play.
17:46 of 2nd period - Wacey Hamilton wins face-off versus Shawn Thornton in Checkers zone.
17:57 of 2nd period - Shawn Thornton is hit by Wacey Hamilton and loses puck.
18:43 of 2nd period - Kyle MacKinnon is hit by Aaron Ness and loses puck.
19:06 of 2nd period - Slapshot by Michael Latta.
19:06 of 2nd period - Shot Misses the Net.
19:34 of 2nd period - Derek Grant is hit by Brandon Mashinter and loses puck.
19:50 of 2nd period - Minor Penalty to Jim O'Brien for Hooking.
19:51 of 2nd period - Trevor Smith wins face-off versus Willie Coetzee in Checkers zone.
19:57 of 2nd period - Wrist shot by Shawn Thornton.
19:57 of 2nd period - Stopped by Drew MacIntyre with a rebound.
Goals for this period are 1 for Checkers vs 0 for Ice Caps.
Shots for this period are 11 for Checkers vs 8 for Ice Caps.

3rd period


0:01 of 3rd period - Trevor Smith wins face-off versus Wacey Hamilton in neutral zone.
0:28 of 3rd period - Snap shot by Patrick Dwyer.
0:28 of 3rd period - Goal by Patrick Dwyer - Checkers : 1 - Ice Caps : 1.
0:29 of 3rd period - Derek Grant wins face-off versus Michael Bournival in neutral zone.
0:35 of 3rd period - Snap shot by B.J. Crombeen.
0:35 of 3rd period - Shot Misses the Net.
0:37 of 3rd period - Wrist shot by Derek Grant.
0:37 of 3rd period - Shot Misses the Net.
0:55 of 3rd period - Wrist shot by B.J. Crombeen.
0:55 of 3rd period - Stopped by Drew MacIntyre with a rebound.
0:57 of 3rd period - Wrist shot by Brandon Yip.
0:57 of 3rd period - Shot Misses the Net.
0:59 of 3rd period - Snap shot by Derek Grant.
0:59 of 3rd period - Shot Misses the Net.
1:01 of 3rd period - Wrist shot by Derek Grant.
1:01 of 3rd period - Shot Misses the Net.
1:03 of 3rd period - Slapshot by B.J. Crombeen.
1:03 of 3rd period - Stopped by Drew MacIntyre without a rebound.
1:04 of 3rd period - Jim O'Brien wins face-off versus Trevor Smith in Checkers zone.
1:19 of 3rd period - Trevor Smith is hit by Aaron Ness and loses puck.
1:56 of 3rd period - Nathan Oystrick is hit by Andrew Gordon and loses puck.
2:21 of 3rd period - Peter Harrold is hit by Chris Conner and loses puck.
2:49 of 3rd period - Slapshot by B.J. Crombeen.
2:49 of 3rd period - Deflect By Derek Grant.
2:49 of 3rd period - Stopped by Drew MacIntyre with a rebound.
2:55 of 3rd period - B.J. Crombeen is hit by Michael Bournival and loses puck.
2:59 of 3rd period - Benjamin Dieude-Fauvel beats up B.J. Crombeen.
2:59 of 3rd period - Penalty to B.J. Crombeen for Fighting.
2:59 of 3rd period - Penalty to Benjamin Dieude-Fauvel for Fighting.
3:00 of 3rd period - Patrick Dwyer wins face-off versus Michael Bournival in Ice Caps zone.
3:08 of 3rd period - Shawn Thornton and Julien Brouillette fight to a draw.
3:08 of 3rd period - Penalty to Shawn Thornton for Fighting.
3:08 of 3rd period - Penalty to Julien Brouillette for Fighting.
3:09 of 3rd period - Trevor Smith wins face-off versus Michael Bournival in Checkers zone.
4:01 of 3rd period - Andrew Bodnarchuk is hit by Brandon Mashinter and loses puck.
4:28 of 3rd period - Slapshot by Derek Grant.
4:28 of 3rd period - Stopped by Drew MacIntyre with a rebound.
5:46 of 3rd period - Snap shot by Willie Coetzee.
5:46 of 3rd period - Shot Blocked by Paul Carey.
5:48 of 3rd period - Slapshot by Michael Sdao.
5:48 of 3rd period - Deflect By Willie Coetzee.
5:48 of 3rd period - Stopped by Jeff Zatkoff without a rebound.
5:49 of 3rd period - Trevor Smith wins face-off versus Michael Bournival in Ice Caps zone.
6:12 of 3rd period - Trevor Smith is hit by Adam Cracknell and loses puck.
6:19 of 3rd period - Snap shot by Jason Chimera.
6:19 of 3rd period - Stopped by Jeff Zatkoff without a rebound.
6:20 of 3rd period - Derek Grant wins face-off versus Jim O'Brien in Ice Caps zone.
6:45 of 3rd period - Nathan Oystrick is hit by Jim O'Brien and loses puck.
7:09 of 3rd period - Snap shot by Trevor Smith.
7:09 of 3rd period - Shot Blocked by Andrew Gordon.
7:11 of 3rd period - Snap shot by Patrick Dwyer.
7:11 of 3rd period - Stopped by Drew MacIntyre with a rebound.
7:34 of 3rd period - Paul Carey is hit by Michael Sdao and loses puck.
7:45 of 3rd period - Nathan Oystrick is hit by Michael Bournival and loses puck.
8:33 of 3rd period - Snap shot by Willie Coetzee.
8:33 of 3rd period - Stopped by Jeff Zatkoff without a rebound.
8:34 of 3rd period - Wacey Hamilton wins face-off versus Trevor Smith in Ice Caps zone.
8:45 of 3rd period - Slapshot by Willie Coetzee.
8:45 of 3rd period - Stopped by Jeff Zatkoff with a rebound.
9:47 of 3rd period - Icing by Brandon Mashinter.
9:48 of 3rd period - Derek Grant wins face-off versus Jim O'Brien in Checkers zone.
10:25 of 3rd period - Minor Penalty to Alex Biega for Diving.
10:26 of 3rd period - Patrick Dwyer wins face-off versus Michael Bournival in Ice Caps zone.
10:38 of 3rd period - Wrist shot by Peter Harrold.
10:38 of 3rd period - Stopped by Jeff Zatkoff without a rebound.
10:39 of 3rd period - Patrick Dwyer wins face-off versus Michael Bournival in Ice Caps zone.
11:23 of 3rd period - Snap shot by Jim O'Brien.
11:23 of 3rd period - Shot Blocked by Nick D'Agostino.
12:25 of 3rd period - Penalty to Alex Biega is over, Alex Biega is back on ice.
12:29 of 3rd period - Slapshot by Jim O'Brien.
12:29 of 3rd period - Stopped by Jeff Zatkoff with a rebound.
12:47 of 3rd period - Darian Dziurzynski is hit by Shawn Thornton and loses puck.
14:03 of 3rd period - Chris Conner is hit by Michael Bournival and loses puck.
14:44 of 3rd period - Peter Harrold is hit by Andrew Rowe and loses puck.
14:58 of 3rd period - Snap shot by Kyle MacKinnon.
14:58 of 3rd period - Stopped by Drew MacIntyre with a rebound.
15:22 of 3rd period - Snap shot by Tomas Vincour.
15:22 of 3rd period - Stopped by Jeff Zatkoff with a rebound.
15:24 of 3rd period - Snap shot by Tomas Vincour.
15:24 of 3rd period - Stopped by Jeff Zatkoff with a rebound.
15:56 of 3rd period - Slapshot by B.J. Crombeen.
15:56 of 3rd period - Stopped by Drew MacIntyre with a rebound.
16:12 of 3rd period - Chris Conner is hit by Julien Brouillette and loses puck.
16:45 of 3rd period - Slapshot by Petteri Lindbohm.
16:45 of 3rd period - Shot Misses the Net.
16:47 of 3rd period - Slapshot by Peter Harrold.
16:47 of 3rd period - Deflect By Willie Coetzee.
16:47 of 3rd period - Stopped by Jeff Zatkoff with a rebound.
17:49 of 3rd period - Minor Penalty to B.J. Crombeen for Holding Stick.
17:50 of 3rd period - Patrick Dwyer wins face-off versus Michael Bournival in Ice Caps zone.
19:26 of 3rd period - Kyle MacKinnon is hit by Brandon Mashinter and loses puck.
19:35 of 3rd period - Slapshot by Andrew Gordon.
19:35 of 3rd period - Stopped by Jeff Zatkoff without a rebound.
19:36 of 3rd period - Derek Grant wins face-off versus Jim O'Brien in Ice Caps zone.
19:49 of 3rd period - Penalty to B.J. Crombeen is over, B.J. Crombeen is back on ice.
19:55 of 3rd period - Nick D'Agostino is hit by Michael Latta and loses puck.
Goals for this period are 0 for Checkers vs 1 for Ice Caps.
Shots for this period are 10 for Checkers vs 8 for Ice Caps.

Overtime #1


0:01 of 1st overtime period - Michael Latta wins face-off versus Patrick Dwyer in neutral zone.
0:23 of 1st overtime period - Wrist shot by Trevor Smith.
0:23 of 1st overtime period - Shot Blocked by Peter Harrold.
0:25 of 1st overtime period - Slapshot by Nathan Oystrick.
0:25 of 1st overtime period - Stopped by Drew MacIntyre with a rebound.
0:59 of 1st overtime period - Backhand shot by Trevor Smith.
0:59 of 1st overtime period - Shot Blocked by Petteri Lindbohm.
2:53 of 1st overtime period - Slapshot by Tim Kennedy.
2:53 of 1st overtime period - Stopped by Drew MacIntyre with a rebound.
2:59 of 1st overtime period - Alex Biega is hit by Aaron Ness.
3:15 of 1st overtime period - Michael Bournival is hit by Derek Grant and loses puck.
3:26 of 1st overtime period - Barry Goers is hit by Aaron Ness and loses puck.
4:00 of 1st overtime period - Snap shot by Patrick Dwyer.
4:00 of 1st overtime period - Stopped by Drew MacIntyre with a rebound.
4:02 of 1st overtime period - Slapshot by Patrick Dwyer.
4:02 of 1st overtime period - Shot Blocked by Jim O'Brien.
Goals for this period are 0 for Checkers vs 0 for Ice Caps.
Shots for this period are 0 for Checkers vs 3 for Ice Caps.

ShootOut


5:00 of 1st overtime period - Penalty Shot by Jason Chimera for Checkers.
5:00 of 1st overtime period - Snap shot by Jason Chimera.
5:00 of 1st overtime period - Stopped by Jeff Zatkoff.
5:00 of 1st overtime period - Penalty Shot by Patrick Dwyer for Ice Caps.
5:00 of 1st overtime period - Backhand shot by Patrick Dwyer.
5:00 of 1st overtime period - Stopped by Drew MacIntyre.
5:00 of 1st overtime period - Penalty Shot by Michael Bournival for Checkers.
5:00 of 1st overtime period - Backhand shot by Michael Bournival.
5:00 of 1st overtime period - Stopped by Jeff Zatkoff.
5:00 of 1st overtime period - Penalty Shot by Trevor Smith for Ice Caps.
5:00 of 1st overtime period - Deke by Trevor Smith.
5:00 of 1st overtime period - Shot Misses the Net.
5:00 of 1st overtime period - Penalty Shot by Adam Cracknell for Checkers.
5:00 of 1st overtime period - Backhand shot by Adam Cracknell.
5:00 of 1st overtime period - Stopped by Jeff Zatkoff.
5:00 of 1st overtime period - Penalty Shot by Shawn Thornton for Ice Caps.
5:00 of 1st overtime period - Snap shot by Shawn Thornton.
5:00 of 1st overtime period - Stopped by Drew MacIntyre.
5:00 of 1st overtime period - Penalty Shot by Andrew Gordon for Checkers.
5:00 of 1st overtime period - Snap shot by Andrew Gordon.
5:00 of 1st overtime period - Stopped by Jeff Zatkoff.
5:00 of 1st overtime period - Penalty Shot by B.J. Crombeen for Ice Caps.
5:00 of 1st overtime period - Deke by B.J. Crombeen.
5:00 of 1st overtime period - Stopped by Drew MacIntyre.
5:00 of 1st overtime period - Penalty Shot by Jim O'Brien for Checkers.
5:00 of 1st overtime period - Deke by Jim O'Brien.
5:00 of 1st overtime period - Shot Misses the Net.
5:00 of 1st overtime period - Penalty Shot by Chris Conner for Ice Caps.
5:00 of 1st overtime period - Snap shot by Chris Conner.
5:00 of 1st overtime period - Stopped by Drew MacIntyre.
5:00 of 1st overtime period - Penalty Shot by Sean Backman for Checkers.
5:00 of 1st overtime period - Deke by Sean Backman.
5:00 of 1st overtime period - Shot Misses the Net.
5:00 of 1st overtime period - Penalty Shot by Derek Grant for Ice Caps.
5:00 of 1st overtime period - Wrist shot by Derek Grant.
5:00 of 1st overtime period - Stopped by Drew MacIntyre.
5:00 of 1st overtime period - Penalty Shot by Brandon Mashinter for Checkers.
5:00 of 1st overtime period - Wrist shot by Brandon Mashinter.
5:00 of 1st overtime period - Stopped by Jeff Zatkoff.
5:00 of 1st overtime period - Penalty Shot by Tim Kennedy for Ice Caps.
5:00 of 1st overtime period - Wrist shot by Tim Kennedy.
5:00 of 1st overtime period - Shot Misses the Net.
5:00 of 1st overtime period - Penalty Shot by Darian Dziurzynski for Checkers.
5:00 of 1st overtime period - Wrist shot by Darian Dziurzynski.
5:00 of 1st overtime period - Stopped by Jeff Zatkoff.
5:00 of 1st overtime period - Penalty Shot by Kyle MacKinnon for Ice Caps.
5:00 of 1st overtime period - Backhand shot by Kyle MacKinnon.
5:00 of 1st overtime period - Stopped by Drew MacIntyre.
5:00 of 1st overtime period - Penalty Shot by Willie Coetzee for Checkers.
5:00 of 1st overtime period - Wrist shot by Willie Coetzee.
5:00 of 1st overtime period - Stopped by Jeff Zatkoff.
5:00 of 1st overtime period - Penalty Shot by Drew LeBlanc for Ice Caps.
5:00 of 1st overtime period - Deke by Drew LeBlanc.
5:00 of 1st overtime period - Goal by Drew LeBlanc.